 Dungeon Crawl Stone Soup version 0.23.0-38-g208d714 (webtiles) character file.

Game seed: 0

590 Lanoc the Insei (level 7, 0/45 HPs)
             Began as an Octopode Transmuter on Feb 27, 2019.
             Slain by a centaur (5 damage)
             ... on level 5 of the Dungeon.
             The game lasted 00:09:04 (4455 turns).

Lanoc the Insei (Octopode Transmuter)               Turns: 4455, Time: 00:09:04

Health: 0/45       AC:  1    Str: 15    XL:     7   Next: 38%
Magic:  9/11       EV: 14    Int: 16    God:
Gold:   185        SH:  2    Dex: 13    Spells: 9/12 levels left

rFire    . . .     SeeInvis .     - Unarmed
rCold    . . .     Gourm    .   (no shield)
rNeg     . . .     Faith    .   (helmet restricted)
rPois    .         Spirit   .   u - +2 amulet of reflection
rElec    .         Reflect  +   j - +5 ring of strength
rCorr    .         Harm     .   (no ring)
MR       .....                  (no ring)
Stlth    ++........             (no ring)
HPRegen  0.15/turn              (no ring)
MPRegen  0.12/turn              (no ring)
                                (no ring)
                                (no ring)

@: appendage
A: almost no armour, stealthy swim, amphibious, 8 rings, constrict 8, tentacle
spike 3, camouflage 1, gelatinous body 1
a: End Transformation


You were on level 5 of the Dungeon.
You were not hungry.
One of your tentacles had a temporary spike.
You visited 1 branch of the dungeon, and saw 5 of its levels.

You collected 185 gold pieces.

Inventory:

Missiles
 a - 157 arrows
Armour
 e - a +1 buckler
Jewellery
 j - a +5 ring of strength (left tentacle)
 t - an uncursed ring of fire
 u - a +2 amulet of reflection (around mantle)
Wands
 v - a wand of digging (6)
Scrolls
 b - 3 scrolls of amnesia
 i - 2 scrolls of enchant weapon {unknown}
 o - 4 scrolls of remove curse
 p - a scroll of fear
 r - a scroll of enchant armour
 s - a scroll of blinking {unknown}
Potions
 f - 3 potions of brilliance
 g - 2 potions of ambrosia
 k - a potion of experience {unknown}
 l - 2 potions of heal wounds {unknown}
 m - a potion of haste
 n - 2 potions of degeneration {unknown}
Comestibles
 c - 10 rations


   Skills:
 + Level 2.8 Fighting
 + Level 3.3 Dodging
 * Level 5.0 Unarmed Combat
 + Level 3.2 Spellcasting
 * Level 4.5 Transmutations


You had 9 spell levels left.
You knew the following spells:

 Your Spells              Type           Power        Failure   Level  Hunger
a - Beastly Appendage     Tmut           ###...       2%          1    None
b - Sticks to Snakes      Tmut           ###.....     4%          2    ##.....

Your spell library contained the following spells:

 Spells                   Type           Power        Failure   Level  Hunger
 Spider Form              Tmut/Pois      #.........   22%         3    ###....
 Ice Form                 Ice/Tmut       #.......     56%         4    ####...
 Blade Hands              Tmut           ###.......   61%         5    ######.


Dungeon Overview and Level Annotations

Branches:
Dungeon (5/15)
 Temple: D:4-7

Altars:


Innate Abilities, Weirdness & Mutations

You cannot wear most types of armour.
You are very stealthy in the water. (Stealth+)
You are amphibious.
You can wear up to eight rings at the same time.
You can use your tentacles to constrict eight enemies at once.
Your skin changes colour to match your surroundings (Stealth+).
Your rubbery body absorbs attacks. (AC +1, EV +1)
One of your tentacles bears a large vicious spike.


Message History

The centaur barely misses you.
You tentacle-slap the centaur. Your squeeze misses the centaur.
The centaur is moderately wounded.
The centaur completely misses you. The centaur barely misses you.
You barely miss the centaur.
You pierce the centaur.
Your squeeze misses the centaur.
The centaur is moderately wounded.
The centaur hits you.
* * * LOW HITPOINT WARNING * * *
You tentacle-slap the centaur but do no damage.
You pierce the centaur.
You squeeze the centaur.
The centaur is severely wounded.
The centaur hits you.
* * * LOW HITPOINT WARNING * * *
The centaur hits you.
* * * LOW HITPOINT WARNING * * *
Casting: Beastly Appendage (safe; 2% risk of failure)
Confirm with . or Enter, or press ? or * to list all spells.
You create a snake!
You now have 157 arrows.
The centaur hits you.
You die...

.....### . .......# ..
.......# ######### ....
###....# #.......# .....
#....# #.......##.....
#....# #..........#
###....# #......)...#
.......# #..........#
.......######((.@c.....###.
..................S........
...........(...............
#......#############...###.
#......# ...# #......# ..##
#......# ..# #......# .g#
#......# ..g


You could see a centaur and a friendly ball python.

Vanquished Creatures
  2 centaurs (D:5)
  A scorpion (D:5)
  A howler monkey (D:4)
  2 orc wizards (D:4)
  A bullfrog skeleton (D:3)
  A centaur skeleton (D:4)
  2 worker ants
  4 adders
  An ooze (D:3)
  A worm (D:2)
  3 dart slugs
  2 leopard geckos (D:2)
  10 orcs
  2 ball pythons
  5 giant cockroaches
  7 goblins
  11 hobgoblins
  A jackal (D:2)
  2 kobolds (D:1)
  A quokka (D:3)
  8 bats
  8 frilled lizards
  8 rats
84 creatures vanquished.

Vanquished Creatures (collateral kills)
  An ogre (D:4)
1 creature vanquished.

Vanquished Creatures (others)
  A worm (D:4)
1 creature vanquished.

Grand Total: 86 creatures vanquished

Notes
Turn   | Place    | Note
-------+----------+-------------------------------------------
     0 | D:1      | Lanoc the Octopode Transmuter began the quest for the Orb.
     0 | D:1      | Reached XP level 1. HP: 13/13 MP: 3/3
   156 | D:1      | Reached XP level 2. HP: 14/18 MP: 3/5
   422 | D:1      | Reached XP level 3. HP: 17/23 MP: 4/6
   426 | D:1      | Learned a level 2 spell: Sticks to Snakes
  1852 | D:3      | Reached XP level 4. HP: 26/28 MP: 7/7
  2400 | D:3      | Reached XP level 5. HP: 28/33 MP: 5/8
  2757 | D:4      | Reached skill level 4 in Unarmed Combat
  2995 | D:4      | Noticed an ogre
  3056 | D:4      | Killed an ogre
  3056 | D:4      | Reached XP level 6. HP: 17/39 MP: 2/10
  3341 | D:4      | HP: 1/39 [orc wizard/magic dart (9)]
  3763 | D:5      | Entered Level 5 of the Dungeon
  3825 | D:5      | Reached XP level 7. HP: 45/45 MP: 11/11
  4060 | D:5      | Reached skill level 5 in Unarmed Combat
  4455 | D:5      | Slain by a centaur

Skill      XL: |  1  2  3  4  5  6  7 |
---------------+----------------------+-----
Transmutations | 3 4 |  4.5
Unarmed Combat | 4 5 |  5.0
Fighting       | 2 |  2.8
Dodging        | 3 |  3.3
Spellcasting   | 3 |  3.2

Action                   |  1- 3 |  4- 6 |  7- 9 || total
-------------------------+-------+-------+-------++-------
Melee: Unarmed           |    98 |    89 |    22 ||   209
       Constrict         |    24 |    18 |     2 ||    44
       Kick              |    14 |    19 |     7 ||    40
       Tentacles         |    19 |    20 |     4 ||    43
       Punch             |     2 |     3 |     2 ||     7
 Cast: Beastly Appendage |    18 |    16 |     4 ||    38
       Sticks to Snakes  |       |     5 |     1 ||     6
  Use: Scroll            |     4 |     1 |     1 ||     6
       Potion            |       |     7 |       ||     7
 Stab: Sleeping          |     8 |     3 |       ||    11
  Eat: Chunk             |     3 |     5 |     1 ||     9
       Ration            |       |       |     1 ||     1
Armor: Skin              |     4 |    18 |     1 ||    23
Dodge: Dodged            |    49 |    68 |    17 ||   134
Block: Other             |       |     3 |       ||     3
